 Dungeon Sprint DCSS version 0.26-a0-1033-gd598b01645 (webtiles) character file.

Game seed: 13509543171840274605

901 mhtbhm the Basher (level 7, -8/80 HPs)
             Began as a Troll Berserker on Dec 10, 2020.
             Was an Elder of Trog.
             Mangled by an unseen horror (9 damage)
             ... in the Dungeon (Sprint IX: "|||||||||||||||||||||||||||||").
             The game lasted 00:00:35 (195 turns).

mhtbhm the Basher (Troll Berserker)                  Turns: 195, Time: 00:00:35

Health: -8/80      AC:  9    Str: 31    XL:     7   Next: 80%
Magic:  6/6        EV: 13    Int:  3    God:    Trog [****..]
Gold:   0          SH:  0    Dex:  9    Spells: 6/6 levels left

rFire    . . .     SeeInvis .   a - +2 morningstar (protect)
rCold    . . .     Faith    .   (no shield)
rNeg     . . .     Spirit   .   b - +0 animal skin
rPois    .         Reflect  .   (helmet restricted)
rElec    .         Harm     .   l - +0 cloak
rCorr    .         Rampage  .   (gloves unavailable)
Will     .....     NoTele   +   (boots unavailable)
Stlth    +.........             (no amulet)
HPRegen  0.63/turn              m - +3 ring of strength
MPRegen  0.10/turn              n - +2 ring of protection

@: berserk cooldown, slowed, very slow
A: large, unfitting armour, claws 3, regeneration 1, shaggy fur 1, tough skin 3
a: Berserk, Trog's Hand, Brothers in Arms, Renounce Religion


You were in the Dungeon.
You worshipped Trog.
Trog was greatly pleased with you.
You visited 1 branch

Inventory:

Hand Weapons
 a - a +2 morningstar of protection (weapon)
Armour
 b - a +0 animal skin (worn)
 l - a +0 cloak (worn)
Jewellery
 m - a +3 ring of strength (left claw)
 n - a +2 ring of protection (right claw)
Wands
 k - a wand of acid (9)
Scrolls
 h - 2 scrolls of blinking
 j - 3 scrolls of remove curse
Potions
 c - 5 potions of curing
 d - 3 potions of heal wounds
 e - a potion of haste
 f - 4 potions of magic
 g - a potion of berserk rage
 i - a potion of invisibility


   Skills:
 + Level 8.2 Fighting
 + Level 10.5 Maces & Flails
 + Level 8.1 Dodging
 + Level 0.1 Stealth


You had 6 spell levels left.
You didn't know any spells.
Your spell library was empty.

Dungeon Overview and Level Annotations

Branches:
Dungeon (1/1)

Altars:
Cheibriados
Dithmenos
Elyvilon
Fedhas
Gozag
Hepliaklqana
Kikubaaqudgha
Makhleb
Nemelex Xobeh
Okawaru
Qazlal
Ru
Sif Muna
Trog
Uskayaw
Vehumet
Wu Jian
Xom
Yredelemnul
Zin
The Shining One
Beogh
Jiyva
Lugonu


Innate Abilities, Weirdness & Mutations

You are too large for most types of armour.
You have claws for hands.
Your natural rate of healing is unusually fast.
You are covered in fur. (AC +1)
You have extremely tough skin. (AC +3)


Message History

You miss something. Something hits you but does no damage. Something hits you.
* * * LOW HITPOINT WARNING * * *
You barely miss something.
Something hits you but does no damage. x2
You closely miss something. Something hits you.
* * * LOW HITPOINT WARNING * * *
Something hits you but does no damage.
Evoke which item? (* to show all) (? for menu, Esc to quit)
Aiming: Corrosive Bolt
Press: ? - help, Shift-Dir - straight line, f - shadow imp
Aim: a shadow imp (32% to evade)
The bolt of acid hits something!
The bolt of acid misses the shadow imp.
The bolt of acid hits the adder skeleton!
The adder skeleton is splashed with acid.
The acid corrodes the adder skeleton!
You destroy the adder skeleton!
Trog accepts your kill. Something hits you!
* * * LOW HITPOINT WARNING * * *
Something hits you!
You die...

▓+▓
▓.▓
▓.▓
▓.▓
▓.▓
▓5▓
▓.▓
▓@▓
▓.▓
▓.▓
▓[▓
▓[▓
▓.▓
▓)▓
▓)▓
▓?▓


You could see a shadow imp.

Vanquished Creatures
  A two-headed ogre (D)
  A wraith (D)
  2 hounds (D)
  A jelly (D)
  A worker ant (D)
  An adder skeleton (D)
  A bat (D)
  A bat zombie (D)
  A hobgoblin (D)
  A ball python zombie (D)
  A frilled lizard (D)
  2 rats (D)
14 creatures vanquished.

Notes
Turn   | Place    | Note
-------+----------+-------------------------------------------
     0 | D        | mhtbhm the Troll Berserker began the quest for the Orb.
     0 | D        | Reached XP level 1. HP: 22/22 MP: 0/0
     8 | D        | Reached skill level 3 in Maces & Flails
     8 | D        | Reached ** piety under Trog
    20 | D        | Banished a spatial maelstrom
    49 | D        | Noticed a hound
    49 | D        | Noticed a worker ant
    49 | D        | Noticed a hound
    55 | D        | Killed a hound
    56 | D        | Reached skill level 4 in Maces & Flails
    56 | D        | Reached XP level 2. HP: 32/32 MP: 1/1
    56 | D        | Reached XP level 3. HP: 39/39 MP: 2/2
    59 | D        | Reached *** piety under Trog
    62 | D        | Reached skill level 5 in Maces & Flails
    62 | D        | Reached XP level 4. HP: 49/49 MP: 3/3
   113 | D        | Found a roughly hewn altar of Beogh.
   113 | D        | Found a snail-covered altar of Cheibriados.
   113 | D        | Found a shadowy altar of Dithmenos.
   113 | D        | Found a white marble altar of Elyvilon.
   113 | D        | Found a blossoming altar of Fedhas.
   113 | D        | Found an opulent altar of Gozag.
   114 | D        | Found a hazy altar of Hepliaklqana.
   115 | D        | Found a viscous altar of Jiyva.
   116 | D        | Found an ancient bone altar of Kikubaaqudgha.
   117 | D        | Found a corrupted altar of Lugonu.
   118 | D        | Found a burning altar of Makhleb.
   119 | D        | Found a sparkling altar of Nemelex Xobeh.
   120 | D        | Found an iron altar of Okawaru.
   121 | D        | Found a stormy altar of Qazlal.
   122 | D        | Found a sacrificial altar of Ru.
   123 | D        | Found a shimmering blue altar of Sif Muna.
   124 | D        | Found a bloodstained altar of Trog.
   125 | D        | Found a hide-covered altar of Uskayaw.
   126 | D        | Found a radiant altar of Vehumet.
   127 | D        | Found an ornate altar of the Wu Jian Council.
   128 | D        | Found a shimmering altar of Xom.
   129 | D        | Found a basalt altar of Yredelemnul.
   130 | D        | Found a glowing silver altar of Zin.
   131 | D        | Found a glowing golden altar of the Shining One.
   178 | D        | Noticed a two-headed ogre
   178 | D        | Noticed a wraith
   183 | D        | Killed a wraith
   183 | D        | Reached **** piety under Trog
   184 | D        | Reached skill level 7 in Maces & Flails
   184 | D        | Reached XP level 5. HP: 59/59 MP: 4/4
   188 | D        | Killed a two-headed ogre
   189 | D        | Reached skill level 10 in Maces & Flails
   189 | D        | Reached XP level 6. HP: 24/72 MP: 5/5
   189 | D        | Reached XP level 7. HP: 27/80 MP: 6/6
   195 | D        | HP: 1/80 [something (9)]
   195 | D        | Mangled by an unseen horror

Illustrated notes

Levels and vault maps discovered:
D:        linesprint [early_d, line_temple, items_1, d_10, items_2, lair_1,
          lair_end, items_3, orc_1, orc_end, items_4, d_15, swamp_1, shoals_1,
          snake_1, spider_1, d_20, vaults_1, items_5, swamp_end, shoals_end,
          snake_end, spider_end, vaults_end, d_27, items_6, zot_1, zot_end,
          crypt_end, forest_end, elf_end, slime_end, tomb_end, abyss_end,
          pan_hell_end]

Skill      XL: |  1  2  3  4  5 |
---------------+----------------+-----
Maces & Flails | 4 5 7 10 | 10.5
Fighting       | 3 4 6 8 |  8.2
Dodging        | 3 4 6 8 |  8.1
Stealth        | |  0.1

Action                   |  1- 3 |  4- 6 |  7- 9 || total
-------------------------+-------+-------+-------++-------
Melee: Mace              |    16 |     6 |       ||    22
       Morningstar       |       |     9 |     5 ||    14
Invok: Berserk           |     1 |     1 |       ||     2
Evoke: Wand              |       |       |     1 ||     1
Armor: Animal skin       |     3 |     5 |     5 ||    13
Dodge: Dodged            |     7 |     8 |     1 ||    16

Table legend: (Time is in decaauts)
 A = Elapsed time spent in this place.
 B = Non-inter-level travel time spent in this place.
 C = Inter-level travel time spent in this place.
 D = Time resting spent in this place.
 E = Time spent auto-exploring this place.
 F = Levels seen in this place.
 G = Mean time per level.
                   A        B        C        D        E       F      G
               +--------+--------+--------+--------+--------+-----+--------+
         Total |    207 |    207 |      0 |     88 |      3 |   1 |  207.0 |
       Dungeon |    207 |    207 |      0 |     88 |      3 |   1 |  207.0 |
               +--------+--------+--------+--------+--------+-----+--------+

Top non-repeatable levels by time:
       D: 207 daAuts
